Map: Romanticide LE

Players

Bunny - Winner!

  • Race: Terran Terran
  • League: Bronze

SpeCial

  • Race: Terran Terran
  • League: Master

Event: DreamHack SC2 Masters 2021 Fall

VOD

Have the link to the VOD?

Description

Time

  • Played on: Sept. 8, 2021, 10:28 a.m.
  • Length: 11:11

All games in this series

Show
View Real Time Build Order
Export as new Build Order

Bunny Terran - Winner!

Build Orders:  

Get SALT Encoding   

  12  0:00  SCV  
  13  0:12  SCV  
  14  0:16  Supply Depot  
  14  0:24  SCV  
  15  0:38  SCV  
  15  0:39  Barracks  
  15  0:42  Refinery  
  16  0:50  SCV  
  16  0:51  Refinery  
  17  1:02  SCV  
  18  1:14  SCV  
  19  1:26  Reaper, Orbital Command  
  19  1:27  Supply Depot  
  20  1:41  Factory  
  20  1:52  SCV  
  21  1:58  Reaper  
  22  2:05  SCV  
  23  2:17  SCV  
  24  2:23  Command Center  
  24  2:27  Hellion  
  24  2:29  SCV  
  27  2:33  Barracks Reactor  
  27  2:41  SCV  
  27  2:52  Starport  
  27  2:53  Factory Tech Lab  
  27  2:54  SCV  
  28  3:00  Supply Depot  
  27  3:06  SCV  
  27  3:10  Marine x2  
  30  3:18  SCV  
  31  3:22  Cyclone  
  34  3:28  Marine x2  
  38  3:34  SCV  
  38  3:35  Starport Tech Lab  
  38  3:37  Orbital Command  
  37  3:45  Marine  
  37  3:46  Marine  
  37  3:47  Refinery  
  37  3:48  SCV  
  40  3:54  Raven  
  42  4:00  SCV  
  43  4:03  SCV  
  44  4:11  Command Center  
  44  4:16  SCV x2  
  46  4:19  Siege Tank  
  46  4:21  Marine  
  48  4:24  Marine  
  48  4:29  SCV, Supply Depot  
  50  4:31  SCV  
  51  4:38  Raven  
  51  4:40  Refinery  
  51  4:44  SCV, Supply Depot  
  54  4:51  SCV, Siege Tank  
  58  4:55  Marine  
  58  4:56  Marine, SCV  
  61  5:03  SCV  
  62  5:08  SCV  
  63  5:15  SCV, Barracks  
  63  5:20  SCV, Barracks  
  65  5:23  Siege Tank  
  68  5:29  SCV  
  68  5:32  Viking, SCV  
  68  5:33  Viking  
  74  5:36  Stimpack  
  74  5:40  Marine  
  74  5:41  SCV  
  76  5:45  Orbital Command  
  76  5:49  SCV  
  77  5:53  SCV  
  77  5:55  Siege Tank  
  81  6:02  Viking  
  81  6:03  Viking  
  85  6:09  Supply Depot  
  85  6:10  SCV x2, Barracks Tech Lab  
  87  6:11  Barracks Reactor  
  87  6:13  SCV  
  87  6:16  Marauder  
  90  6:22  SCV x2  
  90  6:23  Supply Depot  
  92  6:28  SCV  
  92  6:32  Medivac, Siege Tank  
  98  6:33  Medivac  
  98  6:37  Supply Depot  
  98  6:38  SCV  
  101  6:45  SCV x2, Combat Shield, Marauder x2  
  107  6:47  Marine x2  
  109  6:55  Supply Depot  
  109  6:57  Supply Depot  
  109  6:58  SCV x3  
  109  7:00  Barracks  
  112  7:02  Barracks  
  112  7:10  Marine, Marauder x2  
  117  7:16  Marine, SCV x3, Concussive Shells  
  117  7:22  Command Center  
  121  7:27  Refinery x2  
  121  7:30  Engineering Bay x2  
  121  7:32  SCV  
  121  7:33  SCV x2  
  121  7:35  Medivac  
  126  7:38  Medivac  
  126  7:41  Marine  
  126  7:42  Marine x3  
  127  7:52  Siege Tank  
  121  7:59  Barracks Reactor  
  121  8:00  Barracks Reactor, SCV x2  
  121  8:01  Marine x2, SCV  
  121  8:02  Marine x2  
  121  8:04  Terran Infantry Armor Level 1, Terran Infantry Weapons Level 1  
  125  8:06  Supply Depot, Armory  
  125  8:17  Factory  
  125  8:19  Marine x2  
  121  8:20  Marine x2  
  121  8:25  Siege Tank  
  119  8:28  SCV x3  
  119  8:31  Medivac x2  
  126  8:35  Supply Depot  
  126  8:36  Marine x5  
  126  8:37  Marine  
  126  8:38  Marine x2  
  134  8:44  SCV x2  
  134  8:45  SCV, Planetary Fortress  
  137  8:51  Sensor Tower  
  137  8:54  Marine x6  
  143  8:57  Siege Tank  
  143  9:01  Medivac  
  136  9:10  Marine x2  
  136  9:11  Marine  
  136  9:12  Marine x2  
  136  9:15  Marine x3  
  144  9:18  SCV x3  
  145  9:24  Factory Tech Lab  
  145  9:25  Supply Depot  
  145  9:28  Marine x2  
  145  9:29  Marine x3, Siege Tank  
  153  9:33  Marine  
  152  9:42  Marine x2  
  152  9:44  Medivac x2  
  132  9:46  Marine x2  
  132  9:47  Marine x3, SCV x2  
  132  9:48  SCV x2  
  132  9:50  Marine  
  142  9:54  Siege Tank  
  142  9:57  Refinery x2, Barracks x3  
  145  10:01  Sensor Tower, Siege Tank  
  145  10:07  Missile Turret  
  148  10:08  Missile Turret  
  148  10:14  Marine  
  148  10:15  Marine x4  
  148  10:17  Missile Turret  
  148  10:21  Marine x3, Supply Depot, Missile Turret  
  153  10:24  Medivac  
  153  10:26  Siege Tank  
  153  10:27  Medivac  
  163  10:32  Marine  
  163  10:33  Siege Tank  
  167  10:41  Marine  
  167  10:42  Marine x6  
  169  10:50  Marine  
Show
View Real Time Build Order
Export as new Build Order

SpeCial Terran 

Build Orders: Gas First Reaper Expand 

Get SALT Encoding   

  12  0:00  SCV  
  13  0:12  SCV  
  14  0:17  Supply Depot  
  14  0:24  SCV  
  15  0:29  Refinery  
  15  0:39  SCV  
  16  0:43  Barracks  
  16  0:51  SCV  
  17  1:03  SCV  
  18  1:15  SCV  
  19  1:30  Orbital Command  
  19  1:31  Reaper  
  20  1:40  Command Center  
  20  1:55  Factory  
  20  1:56  SCV  
  21  2:07  Barracks Reactor  
  21  2:08  Supply Depot  
  21  2:09  SCV  
  21  2:14  Refinery  
  22  2:21  SCV  
  23  2:33  SCV  
  24  2:40  Factory Tech Lab  
  24  2:43  Marine x2  
  26  2:45  SCV  
  27  2:55  Orbital Command  
  27  3:01  SCV  
  28  3:08  Command Center  
  28  3:10  Cyclone  
  31  3:14  SCV  
  31  3:15  Orbital Command  
  31  3:17  Marine  
  31  3:18  Marine  
  34  3:28  Starport  
  34  3:29  SCV  
  35  3:41  SCV  
  35  3:42  SCV  
  35  3:44  Siege Tank  
  35  3:47  Barracks Tech Lab  
  39  3:53  SCV  
  39  3:54  Refinery, SCV  
  41  4:05  SCV  
  41  4:07  SCV  
  43  4:13  Raven  
  43  4:14  Supply Depot  
  45  4:17  SCV  
  45  4:19  Marine x2, SCV  
  45  4:22  Orbital Command  
  49  4:29  SCV  
  50  4:31  SCV  
  50  4:33  Siege Tank  
  54  4:41  SCV  
  54  4:44  SCV  
  56  4:47  Factory  
  56  4:48  Refinery  
  56  4:49  Engineering Bay  
  56  4:50  SCV  
  56  4:51  Orbital Command  
  56  4:52  Barracks Reactor  
  57  4:53  SCV  
  57  4:56  SCV  
  57  4:59  Supply Depot  
  59  5:05  Supply Depot  
  59  5:06  SCV  
  60  5:07  Siege Tank  
  60  5:08  SCV  
  64  5:15  Engineering Bay  
  64  5:17  Viking  
  64  5:18  SCV  
  64  5:19  Barracks  
  64  5:20  SCV  
  68  5:26  Barracks  
  68  5:27  Viking  
  70  5:30  SCV x2, Missile Turret  
  70  5:32  SCV  
  73  5:36  Marine  
  73  5:37  Stimpack  
  73  5:42  SCV x2, Factory Tech Lab  
  76  5:44  SCV  
  77  5:51  Missile Turret  
  77  5:54  Marine, SCV x2, Viking  
  77  5:56  SCV  
  83  5:57  Viking  
  85  6:06  Terran Infantry Weapons Level 1  
  85  6:09  Supply Depot  
  85  6:11  Terran Infantry Armor Level 1  
  85  6:16  Marine, Barracks Reactor, SCV  
  85  6:17  Barracks  
  87  6:19  SCV x2, Barracks  
  87  6:23  Marine x2  
  91  6:28  SCV  
  91  6:29  Refinery  
  91  6:30  Siege Tank  
  95  6:35  Viking  
  95  6:37  SCV x2  
  99  6:40  Refinery  
  99  6:41  Viking  
  101  6:52  Supply Depot x2  
  101  6:54  Supply Depot  
  101  7:03  Sensor Tower  
  101  7:05  Marine x2, SCV x3, Siege Tank  
  109  7:13  Marine  
  109  7:14  Marine x2  
  109  7:15  Barracks Reactor x2  
  112  7:16  Combat Shield, Command Center  
  112  7:17  SCV  
  112  7:18  Supply Depot  
  112  7:21  SCV x2  
  115  7:22  Marine x2  
  115  7:27  Medivac  
  115  7:29  Medivac  
  121  7:31  Marine x3  
  123  7:38  Siege Tank  
  123  7:40  Marine x2  
  123  7:43  Siege Tank  
  131  7:49  Marine x2, Orbital Command  
  112  7:54  Marine  
  112  7:55  Marine  
  96  7:59  Marine  
  96  8:00  Marine x4  
  100  8:06  Marine  
  100  8:07  Marine  
  100  8:10  Siege Tank  
  105  8:13  Marine x2  
  105  8:17  Marine  
  105  8:19  Marine x2  
  91  8:21  Marine  
  91  8:25  Marine, SCV  
  91  8:26  Orbital Command  
  77  8:31  Marine x4  
  79  8:34  Orbital Command  
  79  8:35  Marine  
  79  8:36  Medivac  
  79  8:37  Marine x2, Medivac  
  79  8:38  SCV x2  
  79  8:39  Marine  
  89  8:43  Marine  
  90  8:49  Marine x4  
  90  8:50  SCV  
  90  8:53  Marine  
  90  8:55  Marine x2  
  97  8:57  Marine  
  97  9:01  Marine  
  99  9:04  Armory  
  99  9:06  Marine  
  99  9:07  Marine x3, Orbital Command  
  99  9:09  Siege Tank  
  100  9:13  SCV x2  
  100  9:14  SCV  
  101  9:17  Marine  
  101  9:22  Marine x2  
  94  9:28  SCV x3  
  94  9:30  Siege Tank  
  100  9:31  Marine  
  100  9:32  Marine  
  100  9:36  Marine x2  
  104  9:43  SCV  
  99  9:48  SCV  
  99  9:52  Orbital Command  
  101  9:55  SCV  
  101  9:59  Siege Tank  
  104  10:00  SCV, Medivac x2  
  104  10:03  Siege Tank  
  104  10:06  Marine  
  113  10:13  SCV  
  113  10:14  SCV x2  
  116  10:19  SCV  
  116  10:21  Marine x5  
  118  10:23  Marine x2  
  118  10:25  SCV  
  125  10:32  Siege Tank  
  125  10:34  Marine x2  
  130  10:39  Marine x3  
  130  10:40  Marine x2  
  130  10:41  Marine x2  
  130  10:42  SCV x2  
  137  10:43  SCV x2  
  139  10:52  Marine  

Tags
 
Add a new tag
Caveats
  • Supply blocks, unpowered buildings, or Contaminate may cause inaccurate times.
  • Supply counts are checked every 10 seconds.